AoeStats
← [TodEs] The Andi

MegaRandom

509989709Analyzed
4v4 RM · 5d ago on Sep 28, 2026· 70m 37s· 8 players
Game mode
Random Map
Map size
Large (8 player)
Population
200
Speed
Normal
Resources
Standard
Victory
Conquest
Starting age
Dark Age
Ending age
Imperial Age
RankedLock teamsTeams togetherTeam positionsShared explorationLock speedFull tech treeHidden civsTurbo modeCheats
Victory
Defeat
🇦🇷 Georgians · Argentina
1312
+11
🇦🇷 Danes · Argentina
1294
+12
🇦🇷 Franks · Argentina
1161
+17
🇦🇷 Vietnamese · Argentina
1108
+19
🇦🇷 Lithuanians · Argentina
1279
-18
🇦🇷 Ethiopians · Argentina
1244
-17
🇦🇷 Persians · Argentina
1180
-14
🇦🇷 Italians · Argentina
1067
-10
acaniglia
4:37 Loom
11:01 Feudal Age
12:04 Double-Bit Axe
12:05 Horse Collar
20:15 Castle Age
19:45 Gold Mining
21:41 Crossbowman
23:41 Fletching
25:03 Heavy Plow
25:16 Bow Saw
26:54 Ballistics
27:04 Bodkin Arrow
34:27 Imperial Age
32:26 Thumb Ring
34:32 Padded Archer Armor
34:30 Arbalester
35:12 Bracer
36:18 Chemistry
35:35 Leather Archer Armor
40:20 Torsion Engines
Zool
8:44 Loom
10:48 Feudal Age
13:27 Double-Bit Axe
17:46 Horse Collar
23:31 Castle Age
23:16 Scale Barding Armor
25:59 Medium Warships
27:33 Chain Barding Armor
27:24 Forging
27:34 Bow Saw
30:24 Iron Casting
30:04 Bloodlines
29:54 Husbandry
30:02 Heavy Plow
30:39 Wheelbarrow
29:53 Town Watch
30:12 Stone Mining
30:13 Gold Mining
33:54 Stone Shaft Mining
33:55 Gold Shaft Mining
34:27 Hand Cart
34:52 Town Patrol
39:11 Imperial Age
40:15 Heavy Camel Rider
41:32 Plate Barding Armor
41:58 Blast Furnace
47:20 Chemistry
56:29 Cavalier
58:40 Savar
61:41 Savar
64:57 Light Cavalry
Pryzma
6:41 Loom
9:28 Feudal Age
9:58 Double-Bit Axe
10:54 Fishing Lines
17:18 Castle Age
21:02 Gillnets
24:16 Wheelbarrow
29:48 Imperial Age
28:58 Horse Collar
29:52 Scale Barding Armor
29:58 Forging
30:12 Bow Saw
30:04 Heavy Plow
30:35 Bloodlines
30:25 Husbandry
30:53 Chain Barding Armor
31:42 Chemistry
33:33 Plate Barding Armor
33:08 Forging
34:17 Conscription
33:20 Elite Leitis
36:47 Crop Rotation
37:47 Hand Cart
37:17 Town Watch
38:29 Iron Casting
42:54 Ballistics
42:56 Bombard Tower
42:33 Murder Holes
42:49 Masonry
47:13 Fletching
47:51 Bodkin Arrow
63:24 Demolition Ship
64:25 Medium Warships
66:54 Heavy Warships
67:18 Block Printing
68:58 Two-Man Saw
idtristan90
2:13 Loom
11:25 Feudal Age
14:04 Double-Bit Axe
19:40 Castle Age
17:57 Horse Collar
18:46 Town Watch
19:27 Padded Archer Armor
19:56 Fletching
20:29 Heavy Plow
21:18 Bow Saw
22:01 Fervor
21:51 Gold Mining
24:07 Pikeman
24:47 Squires
25:55 Stone Mining
29:57 Town Patrol
31:35 Wheelbarrow
35:56 Imperial Age
33:17 Treadmill Crane
33:48 Fortified Wall
34:48 Ballistics
35:23 Hand Cart
35:59 Stone Shaft Mining
35:49 Murder Holes
36:35 Leather Archer Armor
36:17 Bodkin Arrow
37:57 Hoardings
39:04 Chemistry
37:57 Guard Tower
39:50 Elite Genoese Crossbowman
41:50 Ring Archer Armor
44:18 Bracer
45:34 Heated Shot
46:33 Crop Rotation
47:06 Two-Man Saw
48:57 Keep
52:26 Elite Cannon Galleon
53:47 Guilds
53:43 Scale Mail Armor
53:53 Forging
60:34 Elite Skirmisher
Watts
7:45 Loom
10:09 Feudal Age
16:07 Castle Age
16:17 Horse Collar
16:23 Double-Bit Axe
21:56 Wheelbarrow
21:22 Town Watch
23:22 Bow Saw
24:28 Heavy Plow
26:29 Gold Mining
26:29 Stone Mining
27:56 Gold Shaft Mining
27:56 Stone Shaft Mining
29:01 Hand Cart
29:49 Fervor
29:52 Scale Mail Armor
30:02 Forging
33:12 Imperial Age
33:42 Chain Mail Armor
34:03 Iron Casting
33:36 Town Patrol
33:43 Elite Jomsviking
36:07 Capped Ram
37:30 Plate Mail Armor
38:01 Blast Furnace
36:39 Onager
38:43 Siege Engineers
39:38 Chemistry
40:15 Conscription
40:53 Fletching
41:30 Masonry
41:44 Elite Longship
42:22 Bodkin Arrow
42:31 Siege Onager
43:13 Bracer
45:09 Ballistics
46:42 Careening
46:43 Clinker Construction
47:59 Dry Dock
50:36 Padded Archer Armor
55:02 Coinage
55:49 Capped Ram
56:10 Hamask
56:13 Northmen's Fury
63:46 Squires
63:31 Arson
63:34 Gambesons
63:32 Siege Ram
63:44 Siege Ram
El engrillado
3:35 Loom
11:07 Feudal Age
13:40 Double-Bit Axe
19:15 Castle Age
18:24 Gold Mining
21:23 Bow Saw
26:41 Scale Barding Armor
27:58 Husbandry
30:30 Imperial Age
28:37 Wheelbarrow
28:37 Chain Barding Armor
29:19 Forging
32:00 Conscription
35:28 Gold Shaft Mining
38:28 Hand Cart
38:00 Cavalier
39:41 Paladin
43:24 Plate Barding Armor
43:25 Iron Casting
49:54 Elite Throwing Axeman
50:37 Chivalry
54:55 Blast Furnace
55:33 Light Cavalry
56:05 Town Watch
56:34 Scale Mail Armor
57:59 Fletching
57:56 Pikeman
62:30 Halberdier
63:27 Chain Mail Armor
63:55 Squires
64:34 Masonry
64:23 Murder Holes
66:18 Plate Mail Armor
70:17 Padded Archer Armor
70:13 Bodkin Arrow
70:53 Architecture
Cocodelich
11:39 Feudal Age
13:11 Double-Bit Axe
13:07 Horse Collar
19:42 Castle Age
21:08 Bow Saw
20:50 Gold Mining
21:03 Heavy Plow
25:56 Loom
26:40 Stone Mining
28:00 Town Watch
28:51 Wheelbarrow
35:25 Town Patrol
35:41 Hand Cart
40:18 Imperial Age
40:25 Pikeman
41:05 Squires
41:12 Scale Mail Armor
41:23 Forging
41:15 Crossbowman
41:20 Halberdier
44:15 Elite Skirmisher
45:20 Thumb Ring
45:09 Imperial Skirmisher
47:00 Padded Archer Armor
65:04 Fletching
65:30 Leather Archer Armor
65:51 Iron Casting
65:34 Chain Mail Armor
66:04 Bodkin Arrow
68:17 Chemistry
67:40 Ballistics
67:36 Siege Engineers
67:46 Masonry
67:19 Treadmill Crane
[TodEs] The Andi
9:27 Loom
11:12 Feudal Age
12:22 Double-Bit Axe
12:22 Horse Collar
15:38 Castle Age
14:24 Stone Mining
18:12 Bow Saw
21:22 Wheelbarrow
24:21 Scale Barding Armor
24:39 Gold Mining
26:07 Chain Barding Armor
26:59 Forging
26:52 Husbandry
27:24 Bloodlines
28:02 Heavy Plow
28:38 Iron Casting
32:39 Imperial Age
31:51 Fletching
31:24 Light Cavalry
34:20 Blast Furnace
33:56 Plate Barding Armor
33:47 Conscription
32:53 Elite Monaspa
35:21 Stone Shaft Mining
35:07 Aznauri Cavalry
35:51 Hand Cart
35:25 Town Watch
37:08 Hoardings
39:01 Bodkin Arrow
40:05 Siege Engineers
41:01 Svan Towers
43:23 Crop Rotation
43:07 Masonry
45:02 Chemistry
44:35 Bracer
49:51 Coinage
52:46 Architecture
54:21 Banking
60:40 Ballistics
63:31 Treadmill Crane
64:07 Clinker Construction
64:11 Careening
68:53 Spies/Treason
Connection lost

Rejoining the realm…

Still unreachable

The connection could not be restored.

Session expired

The server has moved on; the page needs a fresh start.